 Dungeon Crawl Stone Soup version 0.19-a0-231-gae044c8 (webtiles) character file.

86796 ololoev the Fencer (level 15, -10/139 HPs)
             Began as a Minotaur Fighter on May 6, 2016.
             Was a High Priest of Okawaru.
             Blown up by a great orb of eyes (44 damage)
             ... with a disintegration bolt
             ... on level 1 of the Depths on May 24, 2016.
             The game lasted 00:55:17 (18821 turns).

ololoev the Fencer (Minotaur Fighter)              Turns: 18821, Time: 00:55:18

Health: -10/139    AC: 30    Str: 28    XL:     15   Next: 41%
Magic:  15/21      EV: 15    Int:  8    God:    Okawaru [*****.]
Gold:   1083       SH:  2    Dex:  9    Spells: 0 memorised, 14 levels left

rFire  + . .     SeeInvis .     a - +5 triple sword (holy)
rCold  + . .     Gourm    .     Q - +3 chain mail {rC+}
rNeg   . . .     Faith    .     (shield currently unavailable)
rPois  .         Spirit   .     u - +1 hat {Int+3}
rElec  .         Dismiss  .     d - +0 cloak
rCorr  .         Reflect  +     M - +2 pair of gloves
SustAt .         Harm     .     K - +0 pair of boots
MR     +....                    y - +2 amulet of reflection
Stlth  ..........               t - ring of protection from fire
                                k - +4 ring of protection

@: heroism, finesse, somewhat resistant to hostile enchantments, extremely
unstealthy
A: retaliatory headbutt, horns 2
a: Heroism, Finesse, Renounce Religion


Innate Abilities, Weirdness & Mutations

You reflexively headbutt those who attack you in melee.
You have a pair of horns on your head.

Inventory:

Hand Weapons
 a - a +5 triple sword of holy wrath (weapon)
 l - a +1 great sword of flaming
Armour
 d - a +0 cloak (worn)
 u - a +1 hat of intelligence (worn)
 K - a +0 pair of boots (worn)
 M - a +2 pair of gloves (worn)
 Q - a +3 chain mail of cold resistance (worn)
Rods
 b - a +2 lightning rod (14/14)
   (You found it in a labyrinth)
Jewellery
 k - a +4 ring of protection (left hand)
 t - a ring of protection from fire (right hand)
 y - a +2 amulet of reflection (around neck)
Wands
 n - a wand of digging (9/24)
 s - a wand of teleportation (5/9)
Scrolls
 c - 9 scrolls of remove curse
 e - 3 scrolls of magic mapping
 g - 3 scrolls of teleportation
 o - 6 scrolls of recharging
 x - 2 scrolls of immolation
 A - 3 scrolls of enchant armour
 C - a scroll of fear {unknown}
 F - a scroll of identify
 J - 2 scrolls of blinking
 O - a scroll of silence {unknown}
 S - 2 scrolls of vulnerability {unknown}
Potions
 h - a potion of flight {unknown}
 v - 2 potions of cure mutation
 z - a potion of lignification {unknown}
 B - a potion of beneficial mutation {unknown}
 E - a potion of resistance
 I - a potion of haste
 P - 2 potions of berserk rage {unknown}
 R - 3 potions of degeneration {unknown}
 U - a potion of cancellation {unknown}
Miscellaneous
 j - a lamp of fire
Comestibles
 f - 14 bread rations
 i - 4 slices of pizza
 m - 12 chunks of flesh
 q - 6 meat rations
 L - 4 beef jerkies


   Skills:
 + Level 14.4(19.4) Fighting
 * Level 18.9(23.9) Long Blades
 + Level 14.1(19.1) Armour
 + Level 11.7(16.7) Dodging
   Level 3.6(8.6) Shields
 + Level 9.7 Invocations


You had 14 spell levels left.
You didn't know any spells.


You were on level 1 of the Depths.
You worshipped Okawaru.
Okawaru was extremely pleased with you.
You were not hungry.

You visited 3 branches of the dungeon, and saw 17 of its levels.
You also visited: Labyrinth and Sewer.

You collected 1083 gold pieces.

........≈.....#
...............#
.................
.......(..E...≈≈..
............≈≈≈≈..
...........G.≈≈≈..
.........(....≈≈≈..
...≈≈......@........
....≈≈.......().....#
.......≈≈.....(........#
#.......≈.....%≈≈≈......#
#.#............≈≈.......#
#...>...........≈........
#.⌠.................≈....
................≈≈≈≈≈....
⌠...⌠...........≈≈≈......

Notes
Turn   | Place    | Note
--------------------------------------------------------------
     0 | D:1      | ololoev the Minotaur Fighter began the quest for the Orb.
     0 | D:1      | Reached XP level 1. HP: 19/19 MP: 0/0
    80 | D:1      | Reached XP level 2. HP: 25/27 MP: 1/1
    87 | D:1      | Reached skill level 3 in Long Blades
   261 | D:1      | You fall through a shaft!
   292 | D:2      | Reached XP level 3. HP: 29/33 MP: 2/2
   355 | D:2      | Noticed Crazy Yiuf
   360 | D:2      | Killed Crazy Yiuf
   360 | D:2      | Reached skill level 4 in Long Blades
   360 | D:2      | Reached XP level 4. HP: 32/41 MP: 3/3
   564 | D:4      | Noticed a phantom
   609 | D:4      | Killed a phantom
   609 | D:4      | Reached skill level 5 in Fighting
   609 | D:4      | Reached skill level 5 in Long Blades
   609 | D:4      | Reached XP level 5. HP: 19/48 MP: 4/4
   630 | D:4      | Noticed a phantom
   659 | D:4      | Reached skill level 5 in Armour
   659 | D:4      | Reached XP level 6. HP: 21/56 MP: 5/5
   702 | D:4      | Found a glowing drain.
   723 | D:4      | Reached skill level 6 in Long Blades
  1032 | Sewer    | Entered a sewer
  1205 | Sewer    | Reached XP level 7. HP: 59/62 MP: 6/6
  1253 | Sewer    | Reached skill level 7 in Long Blades
  1685 | D:4      | Found a shattered altar of Ashenzari.
  1705 | D:4      | Noticed Robin
  2280 | D:4      | Reached skill level 8 in Long Blades
  2284 | D:4      | Reached XP level 8. HP: 55/71 MP: 7/7
  2300 | D:5      | Entered Level 5 of the Dungeon
  2300 | D:5      | Found a shadowy altar of Dithmenos.
  2305 | D:5      | Noticed Eustachio
  2321 | D:4      | Killed Eustachio
  2338 | D:5      | Reached skill level 9 in Long Blades
  2792 | D:5      | Found a glowing golden altar of the Shining One.
  2792 | D:5      | Found a burning altar of Makhleb.
  2801 | D:5      | Found a radiant altar of Vehumet.
  2801 | D:5      | Found an ancient bone altar of Kikubaaqudgha.
  3052 | D:6      | Noticed Grinder
  3059 | D:6      | Killed Grinder
  3059 | D:6      | Reached skill level 1 in Dodging
  3083 | D:6      | Reached skill level 10 in Long Blades
  3087 | D:6      | Found a bloodstained altar of Trog.
  3088 | D:6      | Noticed Sigmund
  3098 | D:6      | Killed Sigmund
  3098 | D:6      | Reached XP level 9. HP: 63/81 MP: 8/8
  3265 | D:6      | Noticed M4edhros's ghost (novice OpNe)
  3281 | D:6      | Killed M4edhros's ghost
  3294 | D:6      | Found an opulent altar of Gozag.
  3497 | D:6      | Noticed Blork the orc
  3501 | D:6      | Noticed Blork
  3501 | D:6      | Blork the orc changed into Blork the giant frog
  3506 | D:6      | Killed Blork the giant frog
  3832 | D:6      | Killed Robin
  3889 | D:6      | Reached skill level 11 in Long Blades
  4162 | D:7      | Noticed Pikel
  4175 | D:7      | Killed Pikel
  4175 | D:7      | Reached XP level 10. HP: 89/91 MP: 9/9
  4283 | D:7      | Found a basalt altar of Yredelemnul.
  4488 | D:7      | Reached skill level 12 in Long Blades
  4507 | D:7      | Noticed Prince Ribbit
  4647 | D:7      | Found a staircase to the Ecumenical Temple.
  4653 | Temple   | Entered the Ecumenical Temple
  4699 | Temple   | Became a worshipper of Warmaster Okawaru
  5279 | D:3      | Noticed M4edhros's ghost (weakling OpNe)
  5291 | D:3      | Killed M4edhros's ghost
  6268 | D:8      | Reached skill level 5 in Dodging
  6291 | D:8      | Reached skill level 1 in Invocations
  6469 | D:8      | Reached * piety under Okawaru
  6906 | D:8      | Found a staircase to the Lair.
  7170 | D:9      | Reached ** piety under Okawaru
  7205 | D:9      | Found an iron altar of Okawaru.
  7220 | D:9      | Reached skill level 10 in Fighting
  7277 | D:9      | Noticed Graouh's ghost (novice MiFi)
  7414 | D:9      | Killed Graouh's ghost
  7414 | D:9      | Reached skill level 13 in Long Blades
  7414 | D:9      | Reached skill level 10 in Armour
  7414 | D:9      | Reached XP level 11. HP: 86/99 MP: 8/12
  7565 | D:9      | Reached *** piety under Okawaru
  8416 | D:10     | Entered Level 10 of the Dungeon
  8528 | D:10     | Identified Hottikoe's Grimoire of the Cloudy Compass
  8563 | D:10     | Found a portal to a secret trove of treasure.
  8703 | D:10     | Received a gift from Okawaru
  8795 | D:10     | Killed an unseen horror
  8933 | D:11     | Noticed Sonja
  9277 | D:11     | Reached **** piety under Okawaru
  9360 | D:11     | Noticed Graouh's ghost (journeyman MiFi)
  9394 | D:11     | Killed Graouh's ghost
  9394 | D:11     | Killed Sonja
  9394 | D:11     | Reached skill level 14 in Long Blades
  9394 | D:11     | Reached ***** piety under Okawaru
  9409 | D:11     | Killed an unseen horror
  9739 | D:11     | Reached skill level 5 in Invocations
 10031 | D:12     | Reached XP level 12. HP: 110/110 MP: 14/14
 10246 | D:12     | Found a staircase to the Orcish Mines.
 10253 | D:12     | Found Etrezuwn's Weapon Boutique.
 10598 | D:12     | Received a gift from Okawaru
 10731 | D:12     | Reached skill level 15 in Long Blades
 11052 | D:13     | Upgraded the game from 0.19-a0-49-gb8736b8 to 0.19-a0-231-gae044c8
 11055 | D:13     | Found a radiant altar of Vehumet.
 11220 | D:13     | Received a gift from Okawaru
 11462 | D:13     | Noticed a centaur warrior
 11475 | D:13     | Killed a centaur warrior
 11477 | D:13     | Noticed a tengu warrior
 11484 | D:13     | Killed a tengu warrior
 11801 | D:14     | Found a gate to the Vaults.
 11817 | D:14     | Noticed a centaur warrior
 11827 | D:14     | Killed a centaur warrior
 11835 | D:14     | Reached XP level 13. HP: 72/118 MP: 8/16
 11960 | D:14     | Reached skill level 16 in Long Blades
 12257 | D:14     | Found a labyrinth entrance.
 12263 | Lab      | Entered a labyrinth
 12607 | Lab      | Noticed a minotaur
 12613 | Lab      | Killed a minotaur
 12613 | Lab      | Reached ****** piety under Okawaru
 12626 | Lab      | Got a thick robe
 12874 | D:14     | Received a gift from Okawaru
 13042 | D:14     | Reached skill level 10 in Dodging
 13119 | D:14     | Received a gift from Okawaru
 13674 | D:15     | Entered Level 15 of the Dungeon
 13676 | D:15     | Found a staircase to the Depths.
 13682 | D:15     | Reached skill level 17 in Long Blades
 13685 | D:15     | Noticed protoss039's ghost (journeyman GrFi)
 13697 | D:15     | Killed protoss039's ghost
 13697 | D:15     | Received a gift from Okawaru
 13697 | D:15     | Reached XP level 14. HP: 117/129 MP: 12/19
 14748 | Depths:1 | Entered Level 1 of the Depths
 16552 | Depths:1 | Reached skill level 18 in Long Blades
 16996 | Depths:1 | Found a gateway to Hell.
 17017 | Depths:1 | Noticed a tengu reaver
 17031 | Depths:1 | Killed a tengu reaver
 17031 | Depths:1 | Received a gift from Okawaru
 17625 | Depths:1 | Noticed a frost giant
 17704 | Depths:1 | Noticed a sphinx
 17705 | Depths:1 | Noticed a stone giant
 17728 | Depths:1 | Killed a sphinx
 17728 | Depths:1 | Reached XP level 15. HP: 45/138 MP: 20/20
 18067 | Depths:1 | Killed a frost giant
 18070 | Depths:1 | Received a gift from Okawaru
 18151 | Depths:1 | HP: 5/138 [hell knight/scimitar of pain (2)]
 18819 | Depths:1 | Received a gift from Okawaru
 18821 | Depths:1 | Blown up by a great orb of eyes

Dungeon Overview and Level Annotations

Branches:
Dungeon (15/15)            Temple (1/1) D:7            Lair (0/8) D:8
    Orc (0/2) D:12         Vaults (0/5) D:14         Depths (1/5) D:15

Altars:
Ashenzari
Dithmenos
Elyvilon
Fedhas
Gozag
Kikubaaqudgha
Makhleb
Okawaru
Pakellas
Qazlal
Ru
Trog
Vehumet
Xom
Yredelemnul
Zin
The Shining One

Shops:
D:12 (

Portals:
Hell: Depths:1
Trove: D:10 (give 8 potions of haste)

Annotations:
D:5 1 exclusion
D:7 Prince Ribbit


Message History

The stone giant shouts!
The stone giant throws a large rock.
You reflect the large rock off an invisible shield around you!
The large rock hits the stone giant!
Found a large rock.
You see here a meat ration.
The stone giant throws a large rock.
The large rock hits you!!
You see here a large rock.
The spriggan berserker mumbles some strange prayers to Trog.
The polar bear goes berserk!
The stone giant throws a large rock.
The large rock hits you!
You see here a large rock.
You closely miss the spriggan berserker.
Your headbutt misses the spriggan berserker.
The spriggan berserker hits you but does no damage.
You slice the spriggan berserker!!
You headbutt the spriggan berserker, but do no damage.
The spriggan berserker is severely wounded.
The polar bear bites you! The polar bear barely misses you.
The polar bear closely misses you.
The spriggan berserker hits you but does no damage.
You completely miss the spriggan berserker.
Your headbutt misses the spriggan berserker.
The spriggan berserker is severely wounded.
The polar bear bites you but does no damage.
The polar bear claws you but does no damage.
The polar bear barely misses you.
You slash the spriggan berserker!
The spriggan berserker is almost dead.
The stone giant throws a large rock.
The large rock hits you!!
The polar bear bites you but does no damage.
The polar bear claws you but does no damage.
The polar bear misses you.
The spriggan berserker prays to Trog.
The polar bear goes berserk!
A great orb of eyes comes into view.
You slice the spriggan berserker!!
You kill the spriggan berserker!
Okawaru accepts your kill.
The polar bear is no longer berserk.
The polar bear disappears in a puff of smoke!
The polar bear is no longer berserk.
The polar bear disappears in a puff of smoke!
The stone giant throws a large rock.
You reflect the large rock off an invisible shield around you!
The large rock hits the stone giant!!
The stone giant completely misses you. You furiously retaliate!
You headbutt the stone giant, but do no damage.
You slice the stone giant!!
You headbutt the stone giant, but do no damage.
The stone giant is severely wounded.
You hit the stone giant but do no damage.
The stone giant is severely wounded.
The stone giant hits you but does no damage.
You hit the stone giant but do no damage.
You headbutt the stone giant.
The stone giant is severely wounded.
The stone giant hits you.
A water elemental comes into view.
You barely miss the stone giant.
The stone giant is severely wounded.
The stone giant hits you!!
You slice the stone giant like a ripe choko!!!
You kill the stone giant!
Okawaru accepts your kill. Something appears at your feet!
Okawaru grants you a gift!
Unknown command.
Press: ? - help, v - describe, . - travel, g - get item A scorched crystal plate armour {god gift}.
The floor, spattered with blood.
Evoke which item? (* to show all) (? for menu, Esc to quit)
Okay, then.
Drink which item? (? for menu, Esc to quit)
You feel better.
Use which ability? (? or * to list)
You can now deal lightning-fast blows.
The great orb of eyes gazes at you.
You are blasted!
You die...

You could see a great orb of eyes and a water elemental.

Vanquished Creatures
  A sphinx (Depths:1)
  A tengu reaver (Depths:1)
  A frost giant (Depths:1)
  3 stone giants (Depths:1)
  The ghost of protoss039 the Basher, a journeyman GrFi of Okawaru (D:15)
  A minotaur (Lab)
  2 fire dragons (Depths:1)
  4 ettins (Depths:1)
  2 ogre magi
  A great orb of eyes (Depths:1)
  2 merfolk impalers (Depths:1)
  The ghost of Graouh the Carver, a journeyman MiFi of Okawaru (D:11)
  2 entropy weavers (Depths:1)
  An ice dragon (Depths:1)
  2 rakshasas (Depths:1)
  7 centaur warriors
  2 dancing weapons (D:14)
  2 deep troll shamans (D:15)
  A deep troll earth mage (D:15)
  4 tengu warriors
  A spriggan berserker (Depths:1)
  Sonja (D:11)
  The ghost of Graouh the Blocker, a novice MiFi of Okawaru (D:9)
  4 hell knights (Depths:1)
  2 iron trolls (D:15)
  A giant orange brain (Depths:1)
  A flayed ghost (D:15)
  4 skeletal warriors
  3 unseen horrors
  3 deep trolls (D:15)
  3 hill giants
  Pikel (D:7)
  A wizard (D:15)
  2 necromancers (D:15)
  2 orc knights
  16 ugly things
  5 manticores
  An orb spider (shapeshifter) (D:15)
  2 cyclopes
  4 centaur zombies
  4 orange demons (D:14)
  A gargoyle (D:14)
  A yaktaur zombie (Depths:1)
  5 yaktaurs
  A yaktaur skeleton (D:15)
  The ghost of M4edhros the Insei, a novice OpNe (D:6)
  A guardian mummy (D:15)
  4 tengu conjurers
  6 trolls
  Grinder (D:6)
  5 two-headed ogres
  An ettin zombie (Depths:1)
  9 slime creatures (D:12)
  A deep troll zombie (D:15)
  An ice dragon zombie (D:15)
  7 redbacks
  Sigmund (D:6)
  A spriggan (D:8)
  3 shadows
  An ettin skeleton (Depths:1)
  A deep troll skeleton (D:15)
  2 wraiths
  12 yaks
  3 water elementals (Depths:1)
  4 vampires
  Eustachio (D:4)
  2 basilisks
  4 hippogriffs
  3 hungry ghosts
  2 steam dragons
  A mottled dragon (D:13)
  5 water moccasins (D:12)
  9 ice beasts
  7 orc warriors
  2 black bears
  6 phantoms
  A necrophage (D:7)
  A sky beast (D:11)
  An eye of draining (D:14)
  13 ogres
  A swamp drake (D:8)
  22 centaurs
  A wasp (D:12)
  4 crocodiles
  6 big kobolds
  20 giant frogs
  A gnoll sergeant (D:4)
  A water moccasin skeleton (D:6)
  5 scorpions
  17 killer bees
  25 wights
  A lava snake (D:11)
  4 howler monkeys
  7 crimson imps
  3 giant frog zombies
  A giant frog skeleton (D:9)
  Crazy Yiuf (D:2)
  15 orc wizards
  5 orc priests
  3 centaur skeletons
  7 hounds
  7 iguanas
  3 jellies
  15 worker ants
  2 hound zombies
  The ghost of M4edhros the Grave Robber, a weakling OpNe (D:3)
  2 hound skeletons (D:7)
  Robin (D:6)
  17 adders
  13 gnolls
  3 howler monkey skeletons
  2 river rats
  5 shadow imps
  7 oozes
  2 adder zombies
  An adder skeleton (D:6)
  8 worms
  2 dart slugs
  7 giant geckos
  35 orcs
  A bat skeleton (D:2)
  6 giant cockroaches
  22 goblins
  3 hobgoblins
  6 jackals
  2 quokkas
  7 ball pythons
  3 bats (D:2)
  2 giant gecko skeletons
  A giant gecko zombie (D:2)
  2 giant newts
  2 jackal skeletons
  20 kobolds
  A quokka skeleton (D:2)
  7 rats
  A plant (D:12)
603 creatures vanquished.

Vanquished Creatures (collateral kills)
  A minotaur skeleton (Lab)
1 creature vanquished.

Vanquished Creatures (others)
  A centaur (D:7)
  2 slaves (D:7)
  An orc (D:7)
  3 withered plants (D:15)
7 creatures vanquished.

Grand Total: 611 creatures vanquished

Action                   |  1- 3 |  4- 6 |  7- 9 | 10-12 | 13-15 || total
-------------------------+-------+-------+-------+-------+-------++-------
Melee: Long sword        |    44 |   132 |   369 |   137 |       ||   682
       Headbutt          |     8 |    14 |    60 |   164 |   128 ||   374
       Scimitar          |       |       |       |   254 |       ||   254
       Great sword       |       |       |       |   373 |   188 ||   561
       Triple sword      |       |       |       |       |   396 ||   396
Invok: Heroism           |       |       |       |    17 |    31 ||    48
       Finesse           |       |       |       |     1 |     8 ||     9
Evoke: Wand              |       |       |     8 |    13 |     3 ||    24
       Lamp of fire      |       |       |       |     1 |     1 ||     2
  Use: Potion            |     1 |     3 |     3 |     4 |    10 ||    21
       Scroll            |       |       |       |    14 |    18 ||    32
 Stab: Paralysed         |       |       |       |     4 |       ||     4
       Invisible         |       |       |       |       |     2 ||     2
  Eat: Chunk             |       |     1 |    11 |    27 |    13 ||    52
       Royal jelly       |       |       |       |       |     1 ||     1
       Fruit             |       |       |       |       |     4 ||     4
       Meat ration       |       |       |       |       |     1 ||     1
Armor: Scale mail        |    31 |    82 |   119 |       |       ||   232
       Plate armour      |       |       |    69 |   383 |       ||   452
       Chain mail        |       |       |       |    26 |   390 ||   416
Dodge: Dodged            |    26 |    75 |   157 |   322 |   371 ||   951
Block: Other             |       |       |     3 |    39 |    32 ||    74
       Reflection        |       |       |       |     3 |     3 ||     6

Vault maps used:
D:1:      roderic_crossed_star
D:2:      serial_undead, serial_undead_a, serial_undead_c, serial_undead_a,
          serial_undead_b, serial_undead_c, serial_undead_e, serial_undead_f,
          serial_undead_c, minmay_misc_feat_five, kennysheep_generic_room_13,
          uniq_crazy_yiuf_cottage
D:3:      first_bread, nrook_mini_vaults
D:4:      ashenzari_conservatory_becter, portal_sewer_entry_b, uniq_robin
D:5:      grunt_temple_overflow_open, tgw_sif, grunt_dithmenos_smoke,
          uniq_eustachio
D:6:      lemuel_crystal_altar, minmay_misc_feat_x, kennysheep_cluttered_room,
          nicolae_gozag_cash_rules_everything_around_me, uniq_sigmund,
          uniq_blork_the_orc, uniq_grinder
D:7:      lemuel_crystal_altar, minmay_temple_entry_enclosed_plants,
          hangedman_glass_teeth, uniq_prince_ribbit1, uniq_pikel
D:8:      erik_lair_dragon, the_bakery
D:9:      minivault_1, okawaru_altar_gauntlet_db
D:10:     enter_trove_1
D:11:     kennysheep_cross_room, uniq_sonja
D:12:     orc_david_3, minmay_crystal_room, pond
D:13:     basic_altar
D:14:     erik_vaults_1, small_statue_intersection, lab_entry_generic,
          minmay_tree_intersection, einodemon_barbed_minivault
D:15:     gammafunk_depths_entry_grave, minmay_misc_feat_columns, minivault_16
Temple:   circular_temple_pool_12
Depths:1: hell_entry, grunt_ministairs_2, minmay_hollow_rounded_squares
Lab:      lab_fountain, nicolae_lab_big_swirl, lab_hedge, lab_statue,
          labyrinth_fake_exit, nicolae_lab_stuck, nicolae_lab_x
Sewer:    sewer_co_tree
